 Dungeon Crawl Stone Soup version 0.23.2-40-g277498a001 (webtiles) character file.

Game seed: 18067003091979337576

16424 CitizenNev the Protected (level 12, -2/84 HPs)
             Began as a Gargoyle Fighter on Aug 22, 2019.
             Was the Champion of Okawaru.
             Slain by a large slime creature (7 damage)
             ... on level 12 of the Dungeon.
             The game lasted 00:45:55 (12657 turns).

CitizenNev the Protected (Gargoyle Fighter)        Turns: 12657, Time: 00:45:56

Health: -2/84      AC: 32    Str: 24    XL:     12   Next: 37%
Magic:  12/12      EV: 11    Int: 10    God:    Okawaru [******]
Gold:   696        SH: 10    Dex:  9    Spells: 11/11 levels left

rFire    . . .     SeeInvis .   o - +2 mace (protect)
rCold    . . .     Gourm    .   c - +0 shield
rNeg     + . .     Faith    .   w - +0 plate armour
rPois    ∞         Spirit   .   n - +1 helmet
rElec    +         Reflect  .   I - +0 cloak {+Inv}
rCorr    .         Harm     +   p - +0 pair of gloves
MR       .....                  G - +1 pair of boots
Stlth    ..........             q - amulet of harm
HPRegen  0.24/turn              K - +2 ring of evasion
MPRegen  0.13/turn              r - +1 ring of protection

@: about to teleport
A: blink, negative energy resistance 1, robust 1, screaming 1, electricity
resistance, unbreathing, petrification resistance, rot immunity, AC +8
a: Blink, Heroism, Finesse, Renounce Religion, Evoke Invisibility


You were on level 12 of the Dungeon.
You worshipped Okawaru.
Okawaru was exalted by your worship.
You were very hungry.

You visited 2 branches of the dungeon, and saw 13 of its levels.

You collected 696 gold pieces.

Inventory:

Hand Weapons
 b - the +1 morningstar "Jellybane" {protect, rPois rC- Int+6 Dex+3}
   (Okawaru gifted it to you on level 11 of the Dungeon)

   It protects the one who uses it against injury (+AC on strike).
   It affects your intelligence (+6).
   It affects your dexterity (+3).
   It makes you vulnerable to cold.
   It protects you from poison.
 o - a +2 mace of protection (weapon)
 A - a +4 great mace of holy wrath
Armour
 c - a +0 shield (worn)
 n - a +1 helmet (worn)
 p - a +0 pair of gloves (worn)
 w - a +0 plate armour (worn)
 G - a +1 pair of boots (worn)
 H - the +1 leather armour "Meule" {MR+ Int+3, unknown}
   (You found it on level 10 of the Dungeon)

   It affects your intelligence (+3).
   It affects your resistance to hostile enchantments.
 I - a +0 cloak of invisibility (worn)
Jewellery
 q - an amulet of harm (around neck)
 r - a +1 ring of protection (right hand)
 s - an uncursed ring of resist corrosion
 y - an uncursed ring of protection from magic
 D - an uncursed ring of protection from cold
 K - a +2 ring of evasion (left hand)
Wands
 t - a wand of disintegration (51)
 u - a wand of digging (4)
Scrolls
 e - a scroll of magic mapping
 g - 2 scrolls of enchant weapon
 h - 5 scrolls of remove curse
 i - 3 scrolls of fog
 m - 2 scrolls of teleportation
 B - a scroll of fear
 E - a scroll of amnesia
 F - a scroll of enchant armour
 J - a scroll of blinking
Potions
 a - a potion of resistance
 d - a potion of might
 j - 2 potions of curing
 k - 2 potions of flight
 v - 2 potions of haste
 x - a potion of brilliance
 z - 2 potions of agility
 C - a potion of ambrosia
Comestibles
 f - 17 rations


   Skills:
 - Level 10.2 Fighting
 - Level 10.2 Maces & Flails
 - Level 10.5 Armour
 - Level 10.0 Dodging
 * Level 6.2 Shields


You had 11 spell levels left.
You didn't know any spells.
Your spell library contained the following spells:

 Spells                   Type           Power        Failure   Level  Hunger
 Infusion                 Chrm           #...         100%        1    ##.....
 Shock                    Conj/Air       #...         100%        1    ##.....
 Shroud of Golubria       Chrm/Tloc      #.........   100%        2    ###....
 Song of Slaying          Chrm           #.......     100%        2    ###....
 Swiftness                Chrm/Air       #.......     100%        2    ###....
 Regeneration             Chrm/Necr      #.........   100%        3    ####...
 Spectral Weapon          Hex/Chrm       #.......     100%        3    ####...
 Static Discharge         Conj/Air       #.......     100%        3    ####...
 Airstrike                Air            #.........   100%        4    #####..
 Lightning Bolt           Conj/Air       #.........   100%        5    ######.


Dungeon Overview and Level Annotations

Branches:
Dungeon (12/15)            Temple (1/1) D:4            Lair (0/6) D:11
    Orc (0/2) D:10

Altars:
Ashenzari
Cheibriados
Dithmenos
Elyvilon
Fedhas
Gozag
Hepliaklqana
Kikubaaqudgha
Makhleb
Nemelex Xobeh
Okawaru
Qazlal
Ru
Sif Muna
Trog
Uskayaw
Vehumet
Wu Jian
Xom
Yredelemnul
Zin
The Shining One

Shops:
D:4 *   D:6 :   D:7 !   D:9 =

Annotations:
D:7 1 runed translucent door


Innate Abilities, Weirdness & Mutations

You are resistant to torment.
Your stone body is resilient. (AC +8)
You are immune to poison.
You resist negative energy. (rN+)
You are resistant to electric shocks. (rElec)
You can survive without breathing.
You are immune to petrification.
You are immune to rotting.
You can translocate small distances at will.
You are robust. (+10% HP)
You occasionally shout uncontrollably at your foes.


Message History

You see here 21 gold pieces.
You now have 696 gold pieces (gained 21).
The very large slime creature hits you but does no damage.
You blink.
You feel slightly more hungry.
You blink.
You feel slightly more hungry. 2 hounds come into view.
The hound barks! x2
A six-headed hydra comes into view.
As you read the scroll of teleportation, it crumbles to dust.
You feel strangely unstable.
You feel better.
You blink.
You feel slightly more hungry.
A hungry ghost comes into view.
You don't have enough health at the moment.
Your surroundings seem slightly different.
A very large slime creature splits.
The sky beast flickers out of sight!
Deactivating autopickup; reactivate with Ctrl-A.
As you read the scroll of teleportation, it crumbles to dust.
You feel strangely unstable. The large slime creature hits you.
You die...

....... ..... ... ##
#h# .. #.# ### #.
#h# ##...#.##.##
#......#J..###
......W@J....####
....................
.......##....#######
....... #.####
##...## #.# #### #.#
#.# #.# #.#


You could see a large slime creature, a slime creature, a hungry ghost and a
hound.

Vanquished Creatures
  3 two-headed ogres
  Nergalle (D:10)
  A cyclops (D:11)
  2 ugly things
  A manticore (D:12)
  Joseph (D:10)
  A troll (D:9)
  4 slime creatures (D:12)
  3 hippogriffs
  A spriggan (D:7)
  A vampire (D:12)
  4 yaks (D:11)
  A wyvern (D:9)
  3 wraiths
  A basilisk (D:11)
  5 hungry ghosts
  2 water moccasins
  A soldier ant (D:7)
  An acid dragon (D:11)
  3 porcupines (D:11)
  3 orc warriors
  5 sky beasts
  An eye of draining (D:8)
  7 ice beasts
  A phantom (D:10)
  A necrophage (D:5)
  5 ogres
  9 centaurs
  3 crocodiles (D:11)
  A big kobold (D:11)
  12 bullfrogs
  A water moccasin zombie (D:8)
  6 scorpions
  A wyvern skeleton (D:9)
  9 killer bees (D:8)
  3 howler monkeys (D:7)
  A centaur zombie (D:12)
  13 crimson imps
  3 bullfrog zombies
  4 jellies
  5 centaur skeletons
  5 orc priests
  8 hounds
  5 orc wizards
  3 iguanas
  19 worker ants
  A worker ant zombie (D:8)
  A howler monkey zombie (D:9)
  10 gnolls
  8 adders
  2 shadow imps
  2 oozes (D:3)
  5 adder skeletons
  2 adder zombies (D:5)
  3 worms
  2 dart slugs
  8 leopard geckos
  67 orcs
  6 bats
  7 giant cockroaches
  16 goblins
  16 hobgoblins
  8 jackals
  24 kobolds
  5 quokkas
  2 ball pythons
  4 frilled lizards
  A jackal zombie (D:5)
  A leopard gecko skeleton (D:7)
  4 leopard gecko zombies
  2 quokka skeletons
  5 rats
386 creatures vanquished.

Notes
Turn   | Place    | Note
-------+----------+-------------------------------------------
     0 | D:1      | CitizenNev the Gargoyle Fighter began the quest for the
                  | Orb.
     0 | D:1      | Reached XP level 1. HP: 14/14 MP: 1/1
   194 | D:1      | Reached XP level 2. HP: 19/19 MP: 2/2
   907 | D:1      | Reached XP level 3. HP: 23/23 MP: 3/3
  1392 | D:2      | Reached XP level 4. HP: 24/28 MP: 4/4
  2280 | D:3      | Reached skill level 5 in Maces & Flails
  2302 | D:3      | Reached XP level 5. HP: 32/32 MP: 5/5
  2549 | D:3      | Found a shadowy altar of Dithmenos.
  2722 | D:3      | Found a burning altar of Makhleb.
  2857 | D:3      | Reached skill level 10 in Dodging
  2857 | D:3      | Reached XP level 6. HP: 38/38 MP: 6/6
  3023 | D:4      | Noticed a water moccasin
  3036 | D:4      | Killed a water moccasin
  3036 | D:4      | Reached XP level 7. HP: 38/44 MP: 7/7
  3132 | D:4      | Reached skill level 5 in Fighting
  3448 | D:4      | Found Paetoki's General Store.
  3545 | D:4      | Found an opulent altar of Gozag.
  3545 | D:4      | Found a shattered altar of Ashenzari.
  3579 | D:4      | Reached XP level 8. HP: 52/52 MP: 8/8
  3686 | D:4      | Found a staircase to the Ecumenical Temple.
  3692 | Temple   | Entered the Ecumenical Temple
  3746 | Temple   | Became a worshipper of Warmaster Okawaru
  4016 | D:5      | Entered Level 5 of the Dungeon
  4580 | D:5      | Reached * piety under Okawaru
  4797 | D:6      | Reached XP level 9. HP: 55/57 MP: 9/9
  4862 | D:6      | Found Orgh's Book Shoppe.
  4959 | D:6      | Reached skill level 5 in Armour
  5043 | D:6      | Reached ** piety under Okawaru
  5724 | D:7      | Found Fehentay's Distillery.
  5729 | D:7      | Reached skill level 5 in Shields
  6234 | D:7      | Found a runed translucent door.
  6246 | D:7      | Found a runed translucent door.
  6257 | D:7      | Reached *** piety under Okawaru
  6274 | D:7      | Reached XP level 10. HP: 46/63 MP: 10/10
  6802 | D:8      | Found a blossoming altar of Fedhas.
  6986 | D:8      | Reached **** piety under Okawaru
  7207 | D:8      | Noticed a two-headed ogre
  7220 | D:8      | Killed a two-headed ogre
  7252 | D:8      | Noticed a two-headed ogre
  7455 | D:8      | Killed a two-headed ogre
  7841 | D:8      | Reached ***** piety under Okawaru
  8036 | D:9      | Reached skill level 10 in Maces & Flails
  8036 | D:9      | Reached XP level 11. HP: 36/67 MP: 11/11
  8469 | D:9      | Found a glowing silver altar of Zin.
  8786 | D:9      | Found Peledd's Jewellery Boutique.
  9000 | D:10     | Entered Level 10 of the Dungeon
  9110 | D:10     | Noticed Nergalle
  9160 | D:10     | Killed Nergalle
  9471 | D:10     | Got a twisted leather armour
  9555 | D:10     | Found a staircase to the Orcish Mines.
  9564 | D:10     | Noticed Joseph
  9592 | D:10     | Killed Joseph
  9729 | D:10     | Reached skill level 10 in Fighting
  9882 | D:10     | Received a gift from Okawaru
 10150 | D:10     | Identified a scroll of acquirement
 10607 | D:11     | Received a gift from Okawaru
 10636 | D:11     | Got a twisted morningstar {god gift}
 10637 | D:11     | Identified the +1 morningstar "Jellybane" {protect, rPois
                  | rC- Int+6 Dex+3} (Okawaru gifted it to you on level 11 of
                  | the Dungeon)
 10839 | D:11     | Noticed a white ugly thing
 10851 | D:11     | Killed a white ugly thing
 11026 | D:11     | Noticed a cyclops
 11046 | D:11     | Killed a cyclops
 11104 | D:11     | Reached XP level 12. HP: 73/77 MP: 12/12
 11149 | D:11     | Found a staircase to the Lair.
 11516 | D:11     | Gained mutation: You can translocate small distances at
                  | will. [potion of mutation]
 11516 | D:11     | Gained mutation: You occasionally shout uncontrollably at
                  | your foes. [potion of mutation]
 11516 | D:11     | Gained mutation: You are robust. (+10% HP) [potion of
                  | mutation]
 11546 | D:12     | Noticed a two-headed ogre
 11562 | D:12     | Killed a two-headed ogre
 11562 | D:12     | Reached ****** piety under Okawaru
 11562 | D:12     | Received a gift from Okawaru
 12027 | D:12     | Reached skill level 10 in Armour
 12650 | D:12     | Noticed a six-headed hydra
 12657 | D:12     | Slain by a large slime creature

Skill      XL: |  1  2  3  4  5  6  7  8  9 10 11 12 |
---------------+-------------------------------------+-----
Maces & Flails | 3 4 5 6 10 | 10.2
Dodging        | 10 | 10.0
Fighting       | 4 6 7 10 | 10.2
Armour         | 4 5 8 10 | 10.5
Shields        | 5 6 |  6.2

Action                   |  1- 3 |  4- 6 |  7- 9 | 10-12 || total
-------------------------+-------+-------+-------+-------++-------
Melee: Flail             |   149 |    37 |       |       ||   186
       Mace              |       |   100 |   530 |  1069 ||  1699
Invok: Heroism           |       |       |       |     5 ||     5
       Finesse           |       |       |       |     1 ||     1
 Abil: Blink             |       |       |       |     6 ||     6
  Use: Potion            |     5 |     1 |       |     6 ||    12
       Scroll            |     4 |     3 |     7 |     6 ||    20
  Eat: Chunk             |     2 |     5 |    11 |    10 ||    28
       Ration            |       |       |       |     7 ||     7
Armor: Scale mail        |   112 |    53 |       |       ||   165
       Chain mail        |       |    16 |   337 |   262 ||   615
       Plate armour      |       |       |       |   520 ||   520
Dodge: Dodged            |    53 |    43 |   246 |   518 ||   860
Block: Shield            |    86 |    83 |   268 |   653 ||  1090
